[Event "Titled Tuesday Blitz June 14 Late 2022"]
[White "Florescu, Codrut-Constantin"]
[Black "Lorenzo De La Riva, Lazaro"]
[WhiteFideId "1202200"]
[BlackFideId "2268809"]
[WhiteElo "2191"]
[BlackElo "2325"]
[Result "1-0"]
[Round "05"]
[TimeControl "180+1"]
[Date "2022.06.15"]
[WhiteClock "0:00:10"]
[BlackClock "0:00:01"]

1. d4 d5 2. Nf3 Nf6 3. c4 e6 4. Nc3 dxc4 5. e3 a6 6. a4 c5 7. Bxc4 Nc6 8. O-O Be7 9. Qe2 cxd4 10. Rd1 O-O 11. exd4 Nb4 12. Bg5 Nbd5 13. Ne5 Nxc3 14. bxc3 Nd5 15. Bd2 Bd6 16. Bd3 Qh4 17. g3 Qh3 18. Qe4 Nf6 19. Qe2 b6 20. Qf3 Rb8 21. Bf1 Qh5 22. Qxh5 Nxh5 23. Nc6 Rb7 24. Bxa6 Rc7 25. Bb5 Bb7 26. Ne5 Nf6 27. Be1 Ne4 28. c4 Ng5 29. f4 Ne4 30. a5 bxa5 31. Bxa5 Rcc8 32. c5 Bxe5 33. fxe5 Bd5 34. Be1 f6 35. exf6 Rxf6 36. Bd7 Ng5 37. h4 Nf3+ 38. Kf2 Rb8 39. Ke3 Rb3+ 40. Rd3 Nxe1 41. Rxb3 Nc2+ 42. Kd2 Nxa1 43. Rb8+ Kf7 44. c6 Rf2+ 45. Ke1 Rc2 46. Rb7 Ke7 47. Kd1 Kd6 48. Ra7 1-0


[Site "https://www.chess.com"]

[Event "Titled Tuesday Blitz June 14 Late 2022"]
[White "Gurevich, Dmitry"]
[Black "Vasquez Schroeder, Rodrigo"]
[WhiteFideId "2000407"]
[BlackFideId "3400042"]
[WhiteElo "2506"]
[BlackElo "2567"]
[Result "0-1"]
[Round "05"]
[TimeControl "180+1"]
[Date "2022.06.14"]
[WhiteClock "0:00:02"]
[BlackClock "0:01:04"]

1. d4 Nf6 2. c4 g6 3. Nc3 Bg7 4. e4 d6 5. Nf3 O-O 6. Be2 e5 7. O-O Nc6 8. d5 Ne7 9. Ne1 Nd7 10. Be3 f5 11. f3 f4 12. Bf2 g5 13. Nb5 b6 14. b4 Rf7 15. c5 bxc5 16. bxc5 Nxc5 17. Bxc5 dxc5 18. Nd3 c6 19. dxc6 Nxc6 20. Nxc5 Qb6 21. Rc1 Bf8 22. Qd5 Ba6 23. a4 Rd8 24. Qc4 Na5 25. Qc3 Rc8 26. Qxe5 Rxc5 27. Rxc5 Qxc5+ 28. Qxc5 Bxc5+ 29. Kh1 Rd7 30. h4 gxh4 31. Rc1 Bb6 32. e5 Re7 33. Bd3 Rxe5 34. Be4 Bxb5 35. axb5 Rxb5 36. Rd1 Kf8 37. Rd7 h5 38. Bg6 Rc5 39. Kh2 Rg5 0-1


[Site "https://www.chess.com"]

[Event "Titled Tuesday Blitz June 14 Late 2022"]
[White "Guzman, Christopher"]
[Black "Aravindh, Chithambaram VR."]
[WhiteFideId "6405096"]
[BlackFideId "5072786"]
[WhiteElo "2244"]
[BlackElo "2577"]
[Result "0-1"]
[Round "05"]
[TimeControl "180+1"]
[Date "2022.06.14"]
[WhiteClock "0:00:44"]
[BlackClock "0:00:39"]

1. e4 Nc6 2. d4 d5 3. e5 Bf5 4. c3 e6 5. Bd3 Nge7 6. Nf3 Bxd3 7. Qxd3 Nf5 8. Bf4 Be7 9. Nbd2 h5 10. a4 a6 11. b4 g5 12. Be3 g4 13. Ng1 Bg5 14. Bxg5 Qxg5 15. Ne2 Nce7 16. a5 c6 17. O-O Rg8 18. Nb3 h4 19. Qd2 Qh5 20. Nf4 Qh6 21. Rfe1 g3 22. fxg3 hxg3 23. h3 O-O-O 24. Re2 Rh8 25. Rf1 Rdg8 26. Qd3 Rg4 27. Qd2 Rh4 28. Rf3 Ng6 29. Nxg6 Qxg6 30. Rf4 R4h5 31. Re1 Qh6 32. Rg4 Rxh3 33. gxh3 Qxh3 34. Rg8+ Rxg8 35. Qg2 Qxg2+ 36. Kxg2 Nh4+ 37. Kf1 g2+ 38. Kf2 Nf3 39. Kxf3 g1=Q 40. Rxg1 Rxg1 41. Ke3 Rg3+ 42. Kd2 f6 43. exf6 Rf3 44. Nc5 Rxf6 45. Nd3 Rh6 46. Kc2 Kc7 47. Kb3 Kd6 48. Nc5 Rh7 49. Nd3 Rg7 50. Ne5 Rg3 51. Nf7+ Kc7 52. Ne5 b6 53. axb6+ Kxb6 54. Nd7+ Kb5 55. Ne5 Rg7 56. Ka3 a5 57. bxa5 Ra7 58. Kb3 Rxa5 59. Nd3 Ra7 60. Ne5 c5 61. dxc5 Kxc5 0-1


[Site "https://www.chess.com"]

[Event "Titled Tuesday Blitz June 14 Late 2022"]
[White "Harsh Suresh"]
[Black "Malka, Samuel"]
[WhiteFideId "45018464"]
[BlackFideId "20643675"]
[WhiteElo "2059"]
[BlackElo "2483"]
[Result "1-0"]
[Round "05"]
[TimeControl "180+1"]
[Date "2022.06.15"]
[WhiteClock "0:00:13"]
[BlackClock "0:00:07"]

1. e4 c5 2. Nc3 d6 3. f4 g6 4. Nf3 Bg7 5. Bc4 Nc6 6. O-O e6 7. d3 Nge7 8. Qe1 O-O 9. f5 gxf5 10. Bg5 f6 11. Be3 fxe4 12. dxe4 Ng6 13. Rd1 Qe7 14. a3 a6 15. Ba2 Nce5 16. Qg3 Kh8 17. h4 Nxf3+ 18. gxf3 Ne5 19. f4 Nf7 20. Kh1 Rg8 21. Qf3 b5 22. f5 c4 23. Rg1 Ne5 24. Qh5 exf5 25. Nd5 Qb7 26. b3 Be6 27. bxc4 bxc4 28. Rb1 Bxd5 29. Rxb7 Bxe4+ 30. Kh2 Bxb7 31. Rg3 Rae8 32. Kh3 Bc8 33. Bf4 Nc6 34. Bxc4 Be6 35. Bxe6 Rxe6 36. Qxf5 Rge8 37. Qg4 R8e7 38. Bh6 Ne5 39. Bxg7+ Kg8 40. Qf5 Rxg7 41. Qxe6+ Kf8 42. Qc8+ 1-0


[Site "https://www.chess.com"]

[Event "Titled Tuesday Blitz June 14 Late 2022"]
[White "Hernandez Bermudez, Ulises Eduardo"]
[Black "Bilych, Olexiy"]
[WhiteFideId "3902510"]
[BlackFideId "14156504"]
[WhiteElo "2056"]
[BlackElo "2189"]
[Result "0-1"]
[Round "05"]
[TimeControl "180+1"]
[Date "2022.06.15"]
[WhiteClock "0:00:04"]
[BlackClock "0:01:03"]

1. e4 e5 2. Nf3 Nc6 3. Bb5 a6 4. Ba4 Nf6 5. O-O Be7 6. d3 b5 7. Bb3 O-O 8. Nc3 d6 9. a4 b4 10. Ne2 Na5 11. Ba2 c5 12. Ng3 Rb8 13. Re1 h6 14. Qe2 b3 15. cxb3 Nxb3 16. Bxb3 Rxb3 17. h3 Be6 18. Rd1 Qb8 19. Nh4 Nxe4 20. Qxe4 Rb4 21. d4 d5 22. Qxe5 Qxe5 23. dxe5 Bxh4 24. Ne2 d4 25. Nf4 Bb3 26. Re1 Re8 27. Nd3 Rc4 28. Bf4 Bc2 29. Nc1 d3 30. Bd2 f6 31. e6 Rd4 32. g3 Bxg3 33. fxg3 Rd6 34. Ra3 c4 35. Rc3 Bxa4 36. Rxc4 Bb5 37. Rc3 Rdxe6 38. Nxd3 Rxe1+ 39. Nxe1 Re2 40. Rc8+ Kf7 41. Rd8 Ke7 42. Rd4 Bc6 43. Bb4+ Kf7 44. Kf1 Rxb2 45. Nd3 Bb5 46. Ke1 Bxd3 47. Bc3 Rb1+ 48. Kd2 Bb5 49. Rd6 Rg1 50. g4 Rg2+ 51. Ke3 Rg3+ 52. Kd4 Rd3+ 0-1


[Site "https://www.chess.com"]

[Event "Titled Tuesday Blitz June 14 Late 2022"]
[White "Hjartarson, Johann"]
[Black "Beulen, Marcel"]
[WhiteFideId "2300044"]
[BlackFideId "1001450"]
[WhiteElo "2458"]
[BlackElo "2392"]
[Result "1-0"]
[Round "05"]
[TimeControl "180+1"]
[Date "2022.06.15"]
[WhiteClock "0:00:46"]
[BlackClock "0:00:27"]

1. e4 d5 2. exd5 Qxd5 3. Nc3 Qa5 4. d4 Nf6 5. Nf3 Bf5 6. Bc4 c6 7. Bd2 e6 8. Qe2 Bb4 9. O-O-O Nbd7 10. Ne5 Nxe5 11. dxe5 Nd5 12. Ne4 Bxd2+ 13. Rxd2 Bxe4 14. Qxe4 O-O-O 15. Rhd1 Nb6 16. Bb3 Rxd2 17. Rxd2 Rd8 18. Rxd8+ Kxd8 19. c3 g6 20. Qh4+ Ke8 21. Qd4 c5 22. Qd6 c4 23. Qb8+ Ke7 24. Qxb7+ Kf8 25. Bxc4 Qxe5 26. Bd3 Qf4+ 27. Kc2 Qxf2+ 28. Kb3 Nd5 29. Be4 Nf6 30. Bf3 Kg7 31. a4 g5 32. h3 h5 33. Qb5 Kg6 34. Qd3+ Kg7 35. Qd4 Qxd4 36. cxd4 Kf8 37. Kc4 Ke7 38. b4 Kd6 39. b5 g4 40. hxg4 hxg4 41. Be2 g3 42. Bf3 Nd7 43. a5 f6 44. b6 Nxb6+ 45. axb6 axb6 46. Kb5 e5 47. dxe5+ fxe5 48. Kxb6 Ke6 49. Kc5 Kf5 50. Kd5 Kf4 51. Be4 1-0


[Site "https://www.chess.com"]

[Event "Titled Tuesday Blitz June 14 Late 2022"]
[White "Hoffmann, Asa"]
[Black "Yaksin, Oleg"]
[WhiteFideId "2001470"]
[BlackFideId "24105880"]
[WhiteElo "2117"]
[BlackElo "2256"]
[Result "0-1"]
[Round "05"]
[TimeControl "180+1"]
[Date "2022.06.14"]
[WhiteClock "0:00:10"]
[BlackClock "0:00:09"]

1. d4 Nf6 2. Bg5 e6 3. Nd2 h6 4. Bh4 d6 5. e3 Nbd7 6. Bd3 b6 7. f3 Bb7 8. e4 c5 9. c3 Be7 10. Ne2 g5 11. Bf2 h5 12. Qb3 Qc7 13. O-O-O cxd4 14. Bxd4 a6 15. Kb1 Nc5 16. Qc2 O-O-O 17. Nb3 Kb8 18. Nxc5 bxc5 19. Be3 c4 20. Bxg5 cxd3 21. Qxd3 Rhg8 22. h4 Ne8 23. Bxe7 Qxe7 24. g3 Nf6 25. Rhg1 d5 26. e5 Nd7 27. f4 Nc5 28. Qe3 Ne4 29. Nd4 Qc5 30. Rdf1 Rg4 31. f5 Qe7 32. fxe6 fxe6 33. Qh6 Re8 34. Qxh5 Nd2+ 35. Ka1 Rxd4 36. cxd4 Nxf1 37. Rxf1 Rc8 38. a3 Qc7 39. Qf3 Qc2 40. Qf2 Qe4 41. h5 Rh8 42. Qf6 Rxh5 43. Qxe6 Qxd4 44. Qd6+ Ka7 45. e6 Re5 46. e7 Re2 47. Rb1 Qe5 48. Qc5+ Kb8 49. g4 Qxe7 50. Qd4 Re4 51. Qc3 Rxg4 52. Rc1 Rc4 53. Qe1 Qxe1 54. Rxe1 Re4 55. Rd1 Kc7 56. b3 Kd6 57. Kb2 Re3 58. Kc2 Ke5 59. Rh1 d4 60. Rh5+ Kd6 61. Rh6+ Re6 62. Rh4 Be4+ 63. Kd2 Ke5 64. b4 Rc6 65. a4 Rc2+ 66. Kd1 Rb2 67. b5 axb5 68. a5 Ra2 69. Rh5+ Bf5 70. Kc1 Rxa5 71. Kb2 Ra4 72. Kb3 Rc4 73. Rg5 d3 74. Rg8 d2 75. Re8+ Be6 76. Rd8 Bd5 77. Kb2 d1=Q 0-1


[Site "https://www.chess.com"]

[Event "Titled Tuesday Blitz June 14 Late 2022"]
[White "Huber, Benedikt"]
[Black "Swicarz, Maciej"]
[WhiteFideId "12923583"]
[BlackFideId "1113585"]
[WhiteElo "1979"]
[BlackElo "2049"]
[Result "0-1"]
[Round "05"]
[TimeControl "180+1"]
[Date "2022.06.15"]
[WhiteClock "0:00:02"]
[BlackClock "0:00:06"]

1. d4 Nf6 2. c4 e6 3. Nc3 Bb4 4. f3 d5 5. a3 Be7 6. e4 c5 7. e5 cxd4 8. Qxd4 Nc6 9. Qf4 Nd7 10. cxd5 exd5 11. Nxd5 Qa5+ 12. Nc3 Ndxe5 13. Bb5 O-O 14. Qa4 Qxa4 15. Bxa4 Nd4 16. Nge2 Nd3+ 17. Kf1 Nxe2 18. Kxe2 Nxc1+ 19. Rhxc1 Be6 20. Rd1 Bf6 21. Rac1 a6 22. Bd7 Bb3 23. Re1 Rfd8 24. Bf5 Bg5 25. Ne4 Bxc1 26. Rxc1 g6 27. Bh3 f5 28. Nc5 Re8+ 29. Kf2 Bd5 30. g4 fxg4 31. Bxg4 Rad8 32. b4 h5 33. Bh3 Kh7 34. Rc3 Kh6 35. a4 Bc6 36. a5 Rd2+ 37. Kg3 Re5 38. f4 Red5 39. Re3 Rd8 40. Bf1 Rb2 41. Ne6 Re8 42. Bh3 Rxb4 43. Rd3 Re4 44. Ng5 Re3+ 45. Rxe3 Rxe3+ 46. Kf2 Ra3 47. f5 Kxg5 0-1


[Site "https://www.chess.com"]

[Event "Titled Tuesday Blitz June 14 Late 2022"]
[White "Ibarra Jerez, Jose Carlos"]
[Black "Aldokhin, Ivan"]
[WhiteFideId "2226332"]
[BlackFideId "24115720"]
[WhiteElo "2628"]
[BlackElo "2231"]
[Result "1-0"]
[Round "05"]
[TimeControl "180+1"]
[Date "2022.06.14"]
[WhiteClock "0:00:26"]
[BlackClock "0:00:03"]

1. Nf3 Nf6 2. g3 g6 3. b3 Bg7 4. Bb2 O-O 5. Bg2 a5 6. c4 a4 7. bxa4 d5 8. cxd5 Nxd5 9. Bxg7 Kxg7 10. O-O Nc6 11. Qb3 e5 12. Nxe5 Nxe5 13. Qxd5 Qxd5 14. Bxd5 Rxa4 15. Nc3 Ra5 16. d4 Nc6 17. e3 Nb4 18. Be4 f5 19. Bf3 c6 20. a3 Na6 21. a4 Be6 22. Rab1 Rf7 23. Rb6 Bc8 24. Rc1 Nc7 25. h4 h6 26. d5 cxd5 27. Nxd5 Nxd5 28. Bxd5 Rxd5 29. Rxc8 Ra5 30. Rc4 g5 31. h5 f4 32. exf4 gxf4 33. g4 f3 34. Kh2 Rd5 35. Rcb4 Rd2 36. Kg3 Rd1 37. Rxb7 Rg1+ 38. Kh2 Rg2+ 39. Kh3 Rxf2 40. Rxf7+ Kxf7 41. Kg3 Rf1 42. Rf4+ Kg7 43. Rxf3 Ra1 44. Rf4 Ra3+ 45. Kf2 Kg8 46. Ke2 Kg7 47. Kd2 Kg8 48. Kc2 Ra1 49. Kb3 Rb1+ 50. Kc4 Ra1 51. Kb5 Kg7 52. a5 Kg8 53. a6 1-0


[Site "https://www.chess.com"]

[Event "Titled Tuesday Blitz June 14 Late 2022"]
[White "Ivanisevic, Ivan"]
[Black "Jobava, Baadur"]
[WhiteFideId "912417"]
[BlackFideId "13601520"]
[WhiteElo "2535"]
[BlackElo "2617"]
[Result "0-1"]
[Round "05"]
[TimeControl "180+1"]
[Date "2022.06.14"]
[WhiteClock "0:00:42"]
[BlackClock "0:01:34"]

1. d4 d5 2. c4 dxc4 3. e4 Nf6 4. e5 Nd5 5. Bxc4 Bf5 6. Nc3 e6 7. Bxd5 exd5 8. Qf3 Be6 9. Nge2 Nc6 10. O-O h5 11. h3 g5 12. Qg3 g4 13. f4 Ne7 14. Qd3 Qd7 15. Ng3 Nf5 16. Nxh5 Rxh5 17. hxg4 Rh7 18. gxf5 Bxf5 19. Qf3 O-O-O 20. Be3 Bb4 21. Kf2 Bxc3 22. bxc3 Rg7 23. Rg1 Be4 24. Qh5 Rdg8 25. Qh3 Rxg2+ 0-1


[Site "https://www.chess.com"]

[Event "Titled Tuesday Blitz June 14 Late 2022"]
[White "Janturin, Artur"]
[Black "Fidalgo, Andre Neves"]
[WhiteFideId "4130022"]
[BlackFideId "1933620"]
[WhiteElo "2395"]
[BlackElo "2023"]
[Result "0-1"]
[Round "05"]
[TimeControl "180+1"]
[Date "2022.06.15"]
[WhiteClock "0:00:04"]
[BlackClock "0:00:10"]

1. b3 e5 2. Bb2 Nc6 3. e3 Nf6 4. Nf3 Bd6 5. d4 exd4 6. Nxd4 Bb4+ 7. c3 Be7 8. Be2 d5 9. O-O O-O 10. Nxc6 bxc6 11. c4 Bf5 12. Nd2 Qd7 13. Rc1 Ne4 14. Nxe4 Bxe4 15. Bf3 f5 16. Qe2 Bf6 17. Bxf6 Rxf6 18. Rfd1 Rg6 19. cxd5 cxd5 20. Rc5 c6 21. b4 Qe7 22. Rdc1 Qe8 23. a3 Rd8 24. g3 Rf6 25. Ra5 f4 26. exf4 Re6 27. Bxe4 Rxe4 28. Qf3 Qd7 29. Rac5 Rde8 30. Rxc6 Qh3 31. Rf1 Re1 32. Qg2 Rxf1+ 33. Qxf1 Qf5 34. Rc1 d4 35. Rd1 Qd5 36. Qd3 Rd8 37. h3 a5 38. b5 Qc5 39. Kg2 g6 40. a4 Qb4 41. Qc2 Kg7 42. h4 Rd6 43. h5 d3 44. Rxd3 Qe4+ 45. Kh3 Qxd3 46. Qc7+ Rd7 47. Qc6 Qf5+ 48. Kg2 Qd5+ 49. Qxd5 Rxd5 50. hxg6 hxg6 51. Kf3 Rd4 52. b6 Rxa4 53. Ke3 Rb4 54. Kd3 Rxb6 0-1


[Site "https://www.chess.com"]

[Event "Titled Tuesday Blitz June 14 Late 2022"]
[White "Kadric, Denis"]
[Black "Przybylski, Wojciech"]
[WhiteFideId "14403803"]
[BlackFideId "1117599"]
[WhiteElo "2657"]
[BlackElo "2133"]
[Result "1-0"]
[Round "05"]
[TimeControl "180+1"]
[Date "2022.06.14"]
[WhiteClock "0:00:59"]
[BlackClock "0:00:03"]

1. e4 e5 2. Nf3 Nf6 3. Nc3 Nc6 4. Bb5 Nd4 5. Bc4 d6 6. Nxd4 exd4 7. Nd5 c6 8. Nxf6+ Qxf6 9. O-O Be6 10. Bxe6 fxe6 11. d3 Be7 12. f4 O-O 13. Bd2 c5 14. b3 b5 15. a4 a6 16. Qe2 Qh4 17. g3 Qh3 18. f5 e5 19. Kh1 h5 20. Rg1 Qg4 21. Qg2 h4 22. h3 Qh5 23. g4 Qh7 24. g5 Qh5 25. f6 Bd8 26. axb5 a5 27. Raf1 a4 28. Ra1 a3 29. Ra2 Ba5 30. Rxa3 Bxd2 31. Rxa8 Rxa8 32. Qxd2 Qf3+ 33. Qg2 Qxg2+ 34. Rxg2 Ra5 35. Rg1 gxf6 36. gxf6+ Kf7 37. Kg2 Kxf6 38. Kf3 Ra2 39. Rg2 Ra5 40. Kg4 Rxb5 41. Kxh4 Rb8 42. Kg4 Rg8+ 43. Kf3 Rh8 44. Kg3 Rg8+ 45. Kh2 Rh8 46. Rg1 Rh6 47. Rf1+ Ke6 48. Rf8 Rh7 49. Rg8 Kf7 50. Rg4 Ke6 51. h4 d5 52. Kh3 dxe4 53. Rxe4 Rf7 54. Re2 Rf3+ 55. Kg4 Rf4+ 56. Kg3 Rf5 57. Rh2 Rh5 58. Kg4 Rh8 59. h5 Rg8+ 60. Kf3 Kf5 61. h6 Rh8 62. h7 Kg6 63. Ke4 Kf6 64. Rh6+ Kg7 65. Rh5 Kg6 66. Rxe5 Rxh7 67. Rxc5 Kf6 68. Kxd4 Ke6 69. b4 Kd6 70. Kc4 Rh4+ 71. d4 Rh8 72. c3 Rh3 73. b5 Rh8 74. Rc6+ Kd7 75. Kc5 Rh3 76. c4 Rd3 77. d5 Rc3 78. b6 Rb3 79. Rc7+ Kd8 80. Kc6 Rb4 81. c5 Rb1 82. d6 Rc1 83. b7 Rxc5+ 84. Kxc5 1-0


[Site "https://www.chess.com"]

[Event "Titled Tuesday Blitz June 14 Late 2022"]
[White "Keller, Peter"]
[Black "Al-Tarboush, Ward"]
[WhiteFideId "1272105"]
[BlackFideId "7601450"]
[WhiteElo "2275"]
[BlackElo "2249"]
[Result "0-1"]
[Round "05"]
[TimeControl "180+1"]
[Date "2022.06.15"]
[WhiteClock "0:00:07"]
[BlackClock "0:00:03"]

1. d4 b6 2. Bf4 Bb7 3. e3 Nf6 4. Nf3 e6 5. h3 c5 6. c3 Be7 7. Bd3 O-O 8. Nbd2 d6 9. Bh2 Nc6 10. O-O Qc7 11. Qe2 Rfe8 12. e4 e5 13. d5 Nb8 14. Nh4 g6 15. f4 Nxd5 16. Nxg6 hxg6 17. exd5 Bxd5 18. f5 c4 19. fxg6 Bg5 20. Ne4 cxd3 21. Qh5 f6 22. Nxg5 fxg5 23. Rf6 Qg7 24. Raf1 Be4 25. Qxg5 Nd7 26. Rxd6 Re7 27. h4 Rf8 28. Rxf8+ Nxf8 29. h5 Rd7 30. Bxe5 Qe7 31. Qxe7 Rxe7 32. Bd4 Rd7 33. Rxd7 Nxd7 34. Kf2 Bf5 35. g3 Nc5 36. h6 Bxg6 37. Ke3 Ne6 38. Be5 Nc5 39. b4 Nd7 40. a4 Nxe5 0-1


[Site "https://www.chess.com"]

[Event "Titled Tuesday Blitz June 14 Late 2022"]
[White "Kollars, Dmitrij"]
[Black "Lashkin, Jegor"]
[WhiteFideId "12909572"]
[BlackFideId "13907808"]
[WhiteElo "2584"]
[BlackElo "2368"]
[Result "1-0"]
[Round "05"]
[TimeControl "180+1"]
[Date "2022.06.14"]
[WhiteClock "0:00:23"]
[BlackClock "0:00:02"]

1. d4 Nf6 2. c4 e6 3. Nf3 d5 4. g3 dxc4 5. Bg2 c6 6. a4 Bb4+ 7. Bd2 a5 8. O-O O-O 9. e3 b6 10. Ne5 Ba6 11. Nc3 Nd5 12. Qc2 f6 13. Nf3 Be7 14. Rfb1 Nd7 15. b3 Rc8 16. Qe4 Nxc3 17. Qxe6+ Kh8 18. Bxc3 f5 19. Ne5 Nxe5 20. dxe5 cxb3 21. Rd1 Qe8 22. Qxb3 Bc5 23. e6 Rc7 24. Be5 Re7 25. Bd6 Bxd6 26. Rxd6 Bc8 27. Rxc6 Bxe6 28. Qxb6 Bg8 29. Qxa5 Qh5 30. Qc5 Rfe8 31. a5 Re5 32. Qc3 Bd5 33. Rc8 Bxg2 34. Rxe8+ Rxe8 35. Kxg2 f4 36. exf4 Qd5+ 37. Qf3 Qd4 38. Ra3 Qc4 39. a6 1-0


[Site "https://www.chess.com"]

[Event "Titled Tuesday Blitz June 14 Late 2022"]
[White "Kosteniuk, Alexandra"]
[Black "Holt, Conrad"]
[WhiteFideId "4128125"]
[BlackFideId "2034387"]
[WhiteElo "2469"]
[BlackElo "2586"]
[Result "1/2-1/2"]
[Round "05"]
[TimeControl "180+1"]
[Date "2022.06.14"]
[WhiteClock "0:00:03"]
[BlackClock "0:00:07"]

1. e4 e6 2. d4 d5 3. Nc3 Nf6 4. Bg5 dxe4 5. Nxe4 Be7 6. Bxf6 Bxf6 7. Nf3 Nd7 8. Bd3 c5 9. Nxf6+ Qxf6 10. c3 O-O 11. Qc2 g6 12. O-O cxd4 13. Nxd4 Nc5 14. Be2 e5 15. Nb3 Bf5 16. Qc1 Ne6 17. Qe3 Nf4 18. Bf3 Bd3 19. Rfe1 Rfe8 20. Nc5 Rad8 21. Rad1 Bf5 22. Rxd8 Qxd8 23. Nxb7 Qb8 24. b4 e4 25. Nc5 Nd5 26. Qe2 Nxc3 27. Qc4 exf3 28. Qxc3 Rxe1+ 29. Qxe1 Qf4 30. g3 Qd4 31. h4 h6 32. a3 Bg4 33. Kh2 Qb2 34. Qe3 Qa1 35. Qd3 Qe1 36. Ne4 Bf5 37. Nf6+ Kg7 38. Qd4 Kf8 39. Nh7+ Ke7 40. Qc5+ Kd7 41. Nf6+ Ke6 42. Nd5 Qd2 43. Nc7+ Kd7 44. Nd5 a6 45. Qe7+ Kc6 46. Qc5+ Kd7 47. Qe7+ Kc6 48. Qc5+ Kd7 1/2-1/2


[Site "https://www.chess.com"]

[Event "Titled Tuesday Blitz June 14 Late 2022"]
[White "Kozak, Adam"]
[Black "Nakamura, Hikaru"]
[WhiteFideId "753246"]
[BlackFideId "2016192"]
[WhiteElo "2459"]
[BlackElo "2850"]
[Result "0-1"]
[Round "05"]
[TimeControl "180+1"]
[Date "2022.06.14"]
[WhiteClock "0:00:10"]
[BlackClock "0:01:24"]

1. d4 f5 2. Nf3 d6 3. c4 Nf6 4. g3 g6 5. Bg2 Bg7 6. O-O O-O 7. Nc3 c6 8. d5 e5 9. dxe6 Bxe6 10. b3 Re8 11. Ng5 Na6 12. Nxe6 Rxe6 13. Bb2 Ne4 14. Rc1 Qe7 15. e3 Nb4 16. Qe2 Re8 17. Rfd1 a5 18. a3 Na6 19. Na4 Bh6 20. Re1 Nxf2 21. Qxf2 Bxe3 22. Rxe3 Rxe3 23. Bc3 Re2 24. Qd4 Qe3+ 25. Qxe3 R8xe3 26. Bf1 Ra2 27. c5 d5 28. Bd4 Rxb3 29. Nb6 Nc7 30. Re1 Kf7 31. Nc8 Ne6 32. Nd6+ Ke7 33. Bf6+ 0-1


[Site "https://www.chess.com"]

[Event "Titled Tuesday Blitz June 14 Late 2022"]
[White "Kozin, Yuri"]
[Black "Mickiewicz, Piotr"]
[WhiteFideId "4129920"]
[BlackFideId "1114891"]
[WhiteElo "2536"]
[BlackElo "2209"]
[Result "1-0"]
[Round "05"]
[TimeControl "180+1"]
[Date "2022.06.15"]
[WhiteClock "0:00:08"]
[BlackClock "0:00:06"]

1. e4 c5 2. Nf3 d6 3. d4 cxd4 4. Nxd4 Nf6 5. Nc3 Nc6 6. Bc4 Na5 7. Bd3 g6 8. f4 Bg7 9. Nb3 O-O 10. Be3 d5 11. e5 Nxb3 12. axb3 d4 13. exf6 Bxf6 14. Bd2 dxc3 15. Bxc3 Bxc3+ 16. bxc3 Qc7 17. Qd2 Rd8 18. O-O Bf5 19. Kh1 a5 20. Qe3 Bxd3 21. cxd3 b5 22. c4 a4 23. bxa4 bxa4 24. Ra3 e6 25. Rfa1 Qc6 26. h3 Rd7 27. Qe5 Rda7 28. c5 Rd8 29. d4 Rda8 30. Kh2 Rb7 31. h4 Rb2 32. Rg3 a3 33. h5 Qd5 34. Qxd5 exd5 35. Raxa3 Rxa3 36. Rxa3 gxh5 37. Rc3 Rb7 38. Rh3 Rb4 39. Rc3 Rb7 40. c6 Rc7 41. Rc5 Kg7 42. Kg3 Kf6 43. Rxd5 Ke6 44. Rc5 Kd6 45. Kh4 f6 46. Kxh5 1-0


[Site "https://www.chess.com"]

[Event "Titled Tuesday Blitz June 14 Late 2022"]
[White "Krstulovic, Alex"]
[Black "Acosta, Pablo Ismael"]
[WhiteFideId "760056"]
[BlackFideId "124311"]
[WhiteElo "2193"]
[BlackElo "2313"]
[Result "0-1"]
[Round "05"]
[TimeControl "180+1"]
[Date "2022.06.14"]
[WhiteClock "0:00:09"]
[BlackClock "0:00:05"]

1. e4 e6 2. d4 d5 3. e5 c5 4. c3 Nc6 5. Nf3 Qb6 6. Be2 Bd7 7. O-O f6 8. Re1 fxe5 9. Nxe5 Nxe5 10. dxe5 Ne7 11. Bd3 O-O-O 12. b4 Nc6 13. b5 Na5 14. a4 c4 15. Be3 Bc5 16. Bxc5 Qxc5 17. Bc2 Rdf8 18. Re3 Rf7 19. Nd2 Rhf8 20. Nf3 g5 21. h3 h5 22. Bg6 Rf4 23. Bxh5 Nb3 24. Ra2 Qe7 25. Bg4 Nc5 26. g3 Rxg4 27. hxg4 Be8 28. Nd4 Bg6 29. f3 Nd3 30. Rh2 Kd7 31. Ree2 Qa3 32. Rh6 Qxc3 33. Nxe6 Rxf3 34. Rxg6 Rxg3+ 35. Rg2 Rh3 36. Nc5+ Kc7 37. Qf1 Qd4+ 38. Rf2 Qxc5 39. Qxh3 Qxf2+ 40. Kh1 Qe1+ 41. Kg2 Nf4+ 0-1


[Site "https://www.chess.com"]

[Event "Titled Tuesday Blitz June 14 Late 2022"]
[White "Ladan, Nicholas"]
[Black "Nazaretyan, Tigran"]
[WhiteFideId "30918855"]
[BlackFideId "24162345"]
[WhiteElo "2167"]
[BlackElo "2179"]
[Result "0-1"]
[Round "05"]
[TimeControl "180+1"]
[Date "2022.06.15"]
[WhiteClock "0:00:03"]
[BlackClock "0:00:18"]

1. d4 Nf6 2. Bf4 d6 3. e3 Nbd7 4. Nf3 Nh5 5. Bg3 g6 6. Bd3 Bg7 7. a4 c5 8. c3 Nxg3 9. hxg3 O-O 10. Nbd2 b6 11. Ng5 Nf6 12. Nde4 h6 13. Nxf6+ Bxf6 14. Qf3 Rb8 15. Ne4 Bg7 16. d5 a6 17. g4 b5 18. axb5 axb5 19. g5 h5 20. Ng3 Bg4 21. Qf4 b4 22. Qc4 bxc3 23. bxc3 Rb2 24. O-O e6 25. Rfb1 Rxb1+ 26. Rxb1 Qxg5 27. Ne4 Qe7 28. Rb6 Rd8 29. Qb3 exd5 30. Qxd5 Be6 31. Qc6 Bf8 32. g3 Rc8 33. Qb5 d5 34. Nd6 Rd8 35. Nb7 Rb8 36. Na5 Rxb6 37. Qxb6 c4 38. Bc2 Qa3 39. Bxg6 Qxc3 40. Kg2 Qh8 41. Bb1 h4 42. Qc7 h3+ 43. Kh2 Qb2 44. Bg6 Qxf2+ 0-1


[Site "https://www.chess.com"]

[Event "Titled Tuesday Blitz June 14 Late 2022"]
[White "Lewtak, Damian"]
[Black "Bluebaum, Matthias"]
[WhiteFideId "1141724"]
[BlackFideId "24651516"]
[WhiteElo "2379"]
[BlackElo "2556"]
[Result "0-1"]
[Round "05"]
[TimeControl "180+1"]
[Date "2022.06.14"]
[WhiteClock "0:00:04"]
[BlackClock "0:00:04"]

1. a3 d5 2. d4 Nf6 3. Nf3 e6 4. e3 Bd6 5. Nbd2 O-O 6. Bd3 Nbd7 7. O-O e5 8. dxe5 Nxe5 9. Nxe5 Bxe5 10. h3 c6 11. c4 Be6 12. Nf3 Bc7 13. Qc2 Qd7 14. Ng5 Qd6 15. g3 h5 16. Nxe6 fxe6 17. c5 Qe7 18. e4 h4 19. g4 Nd7 20. b4 Bf4 21. exd5 exd5 22. Bf5 Bxc1 23. Raxc1 Ne5 24. Kg2 Qf6 25. f4 Nc4 26. Rce1 Rae8 27. Kh1 Qd4 28. Be6+ Kh8 29. Qg6 Qf6 30. Bf5 Qxg6 31. Bxg6 Re3 32. f5 Rd8 33. Kg1 Rxh3 34. f6 Rg3+ 35. Kh2 Rxg4 36. f7 Rxg6 37. Re8+ Kh7 38. Rxd8 Ne3 39. Rf3 Ng4+ 40. Kh3 Ne5 41. f8=Q Rg1 42. Qh8+ Kg6 43. Qxh4 Rh1+ 44. Kg3 Rxh4 45. Rff8 Rg4+ 46. Kh3 Rc4 47. Rfe8 Rc3+ 48. Kh4 Rc4+ 49. Kg3 Kf5 50. Rf8+ Ke4 51. Rde8 Rc3+ 52. Kh4 Re3 53. Rf7 Kd4 54. Rfe7 Ng6+ 0-1


[Site "https://www.chess.com"]

[Event "Titled Tuesday Blitz June 14 Late 2022"]
[White "Livaic, Leon"]
[Black "Le Goff, Ronan"]
[WhiteFideId "14531534"]
[BlackFideId "612073"]
[WhiteElo "2540"]
[BlackElo "2276"]
[Result "1-0"]
[Round "05"]
[TimeControl "180+1"]
[Date "2022.06.14"]
[WhiteClock "0:00:07"]
[BlackClock "0:00:01"]

1. d4 Nf6 2. Nc3 d5 3. Bf4 c5 4. e4 dxe4 5. dxc5 Bd7 6. Nge2 Nc6 7. Ng3 Qa5 8. Qd2 e5 9. Bg5 Bxc5 10. Bxf6 gxf6 11. Ncxe4 Qxd2+ 12. Kxd2 Be7 13. Rd1 f5 14. Nc3 Bg5+ 15. Ke1 Nd4 16. Bd3 O-O-O 17. Nce2 Nxe2 18. Kxe2 e4 19. Bc4 Be6 20. Bxe6+ fxe6 21. Nh5 Rhe8 22. h3 Kc7 23. g4 h6 24. h4 Rxd1 25. Kxd1 Rd8+ 26. Ke1 Bd2+ 27. Ke2 Ba5 28. c3 fxg4 29. Rg1 Rd3 30. Nf4 Rf3 31. Nxe6+ Kd6 32. Nd4 Rf4 33. Ke3 Ke5 34. Ke2 Bb6 35. Rd1 Bxd4 36. Rxd4 Rf3 37. Rb4 g3 38. fxg3 Rxg3 39. Rxb7 Rh3 40. Rxa7 Rh2+ 41. Ke3 Rh3+ 42. Kd2 Rh2+ 43. Kc1 e3 44. Re7+ Kf4 45. a4 Kf3 46. a5 Rh1+ 47. Kc2 e2 48. a6 e1=Q 49. Rxe1 Rxe1 50. b4 Kg4 51. b5 Kxh4 52. b6 Ra1 53. b7 Rxa6 54. b8=Q Rg6 55. Qe8 Rg5 56. c4 Rg2+ 57. Kd3 h5 58. c5 Rg3+ 59. Ke2 Kg4 60. c6 h4 61. Qe4+ Kh3 62. c7 1-0


[Site "https://www.chess.com"]